 Dungeon Crawl Stone Soup version 0.27-a0-95-g5a9077b8ae (webtiles) character file.

Game seed: 1824327605197378745

96278 timneilson the Tortoise (level 16, -3/80 HPs)
             Began as a Gargoyle Fighter on Jan 17, 2021.
             Was the Champion of Okawaru.
             Slain by a spatial maelstrom (5 damage)
             ... on level 3 of the Abyss.
             The game lasted 00:50:43 (23113 turns).

timneilson the Tortoise (Gargoyle Fighter)         Turns: 23113, Time: 00:50:44

Health: -3/80      AC: 42    Str: 34    XL:     16   Next: 16%
Magic:  22/22      EV:  2    Int: 11    God:    Okawaru [******]
Gold:   2481       SH:  0    Dex: -1    Spells: 15/15 levels left

rFire    + + +     SeeInvis .   G - +2 demon blade (drain)
rCold    + + +     Faith    .   f - +0 tower shield
rNeg     + + .     Spirit   .   a - +2 plate armour {Will+}
rPois    ∞         Reflect  .   Q - +0 helmet of the Goldsmith {rC++ Str+4 Dex-3}
rElec    +         Harm     .   (no cloak)
rCorr    +         Rampage  .   n - +2 pair of gloves {archery}
Will     ++...                  w - +2 pair of boots
Stlth    ..........             k - amulet of regeneration
HPRegen  0.63/turn              i - ring of protection from cold
MPRegen  0.18/turn              I - ring "Ciofi" {rF+++ rN+ rCorr Str+5 Dex-3}

@: heroism, flying, slowed, lost dexterity, very slow
A: big wings, [clumsy 2], [frail 2], negative energy resistance 1, electricity
resistance, unbreathing, petrification resistance, miasma immunity, [subdued
magic 2], AC +12
a: Stop Flying, Renounce Religion, Heroism, Finesse


You were on level 3 of the Abyss.
You worshipped Okawaru.
Okawaru was exalted by your worship.
You visited 4 branches of the dungeon, and saw 23 of its levels.
You visited the Abyss 1 time.
You also visited: Bailey and Ice Cave.

You collected 3001 gold pieces.
You spent 520 gold pieces at shops.

Inventory:

Hand Weapons
 e - the +4 scimitar "Alizewka" {vorpal, rN+ Int+2}
   (You acquired it on level 4 of the Dungeon)

   It inflicts extra damage upon your enemies.
   It affects your intelligence (+2).
   It protects you from negative energy.
 t - the +8 falchion "Gaiteu Luobb" {flame, Int+4}
   (You found it on level 7 of the Dungeon)

   It has been specially enchanted to burn those struck by it, causing extra
   injury to most foes and up to half again as much damage against particularly
   susceptible opponents.
   Big, fiery blades are also staple armaments of hydra-hunters.
   It affects your intelligence (+4).
 G - a +2 demon blade of draining (weapon)
Armour
 a - a +2 plate armour of willpower (worn)
 f - a +0 tower shield (worn)
 n - a +2 pair of gloves of archery (worn)
 w - a +2 pair of boots (worn)
 Q - the +0 helmet of the Goldsmith (worn) {rC++ Str+4 Dex-3}
   (Okawaru gifted it to you on level 3 of the Lair of Beasts)

   It affects your strength (+4).
   It affects your dexterity (-3).
   It greatly protects you from cold.
Jewellery
 i - a ring of protection from cold (left hand)
 k - an amulet of regeneration (around neck)
 I - the ring "Ciofi" (right hand) {rF+++ rN+ rCorr Str+5 Dex-3}
   (You acquired it in a bailey)

   [ring of resist corrosion]

   It affects your strength (+5).
   It affects your dexterity (-3).
   It renders you almost immune to fire.
   It protects you from negative energy.
   It provides partial protection from all sources of acid and corrosion.
Wands
 b - a wand of iceblast (45)
 q - a wand of digging (6)
 u - a wand of acid (34)
 v - a wand of random effects (27)
 y - a wand of flame (44)
 K - a wand of disintegration (8)
 N - a wand of polymorph (10)
 O - a wand of paralysis (5)
Scrolls
 c - a scroll of enchant armour
 d - 4 scrolls of remove curse
 g - a scroll of fear
 h - 7 scrolls of teleportation
 o - a scroll of amnesia
 r - 3 scrolls of fog
 x - 2 scrolls of silence
 C - a scroll of identify
 E - 2 scrolls of blinking
 L - 2 scrolls of enchant weapon
 M - 2 scrolls of magic mapping
Potions
 j - 3 potions of attraction
 l - 2 potions of mutation
 m - 8 potions of curing
 A - 2 potions of heal wounds
 B - 4 potions of might
 F - 2 potions of resistance
 J - 2 potions of berserk rage
Miscellaneous
 H - a tin of tremorstones (2/2)


   Skills:
 + Level 11.4(16.4) Fighting
 * Level 12.9(17.9) Long Blades
 * Level 15.1(20.1) Armour
 * Level 15.1(20.1) Shields
 + Level 8.7 Invocations
 + Level 7.7 Evocations


You had 15 spell levels left.
You didn't know any spells.
Your spell library contained the following spells:

 Spells                   Type           Power        Failure   Level
 Animate Skeleton         Necr           0%           89%         1
 Apportation              Tloc           0%           89%         1
 Corona                   Hex            0%           89%         1
 Magic Dart               Conj           0%           89%         1
 Pain                     Necr           0%           89%         1
 Sandblast                Erth           0%           89%         1
 Summon Small Mammal      Summ           0%           89%         1
 Call Imp                 Summ           0%           96%         2
 Passwall                 Tmut/Erth      0%           96%         2
 Searing Ray              Conj           0%           96%         2
 Call Canine Familiar     Summ           0%           99%         3
 Confusing Touch          Hex            0%           99%         3
 Dazzling Flash           Conj/Hex       0%           99%         3
 Gell's Gravitas          Tloc           0%           99%         3
 Ignite Poison            Fire/Tmut/Pois 0%           99%         3
 Stone Arrow              Conj/Erth      0%           99%         3
 Summon Guardian Golem    Hex/Summ       0%           99%         3
 Vampiric Draining        Necr           0%           99%         3
 Animate Dead             Necr           0%           100%        4
 Fulminant Prism          Conj/Hex       0%           100%        4
 Ice Form                 Ice/Tmut       0%           100%        4
 Iskenderun's Mystic Bla  Conj/Tloc      0%           100%        4
 Petrify                  Tmut/Erth      0%           100%        4
 Summon Ice Beast         Ice/Summ       0%           100%        4
 Summon Lightning Spire   Summ/Air       0%           100%        4
 Agony                    Necr           0%           100%        5
 Blade Hands              Tmut           0%           100%        5
 Borgnjor's Vile Clutch   Necr/Erth      0%           100%        5
 Lee's Rapid Deconstruct  Erth           0%           100%        5
 Metabolic Englaciation   Hex/Ice        0%           100%        5
 Summon Demon             Summ           0%           100%        5
 Summon Forest            Summ/Tloc      0%           100%        5
 Summon Mana Viper        Hex/Summ       0%           100%        5
 Yara's Violent Unravell  Hex/Tmut       0%           100%        5
 Freezing Cloud           Conj/Ice/Air   0%           100%        6
 Shadow Creatures         Summ           N/A          100%        6
 Simulacrum               Ice/Necr       0%           100%        6
 Summon Hydra             Summ           0%           100%        7


Dungeon Overview and Level Annotations

Branches:
Dungeon (14/15)            Temple (1/1) D:5            Lair (6/6) D:10
  Swamp (0/4) Lair:2        Snake (0/4) Lair:4        Slime (0/5) Lair:5
    Orc (2/2) D:10            Elf (0/3) Orc:2        Vaults (0/5) D:13
 Bailey (visited)           IceCv (visited)

Altars:
Ashenzari
Cheibriados
Dithmenos
Elyvilon
Gozag
Hepliaklqana
Makhleb
Nemelex Xobeh
Okawaru
Qazlal
Ru
Sif Muna
Trog
Uskayaw
Vehumet
Wu Jian
Xom
Yredelemnul
Zin
The Shining One
Beogh

Shops:
D:4 *   D:5 *   D:6 :   Orc:1 (   Orc:2 }([*(=

Portals:
Trove: D:13 (give +6 demon blade)

Annotations:
Lair:1 2 transporters


Innate Abilities, Weirdness & Mutations

You are resistant to torment.
Your stone body is resilient. (AC +12)
You are immune to poison.
Your large and strong wings let you fly indefinitely.
You resist negative energy. (rN+)
You are resistant to electric shocks. (rElec)
You can survive without breathing.
You are immune to petrification.
You are immune to miasma.
[You are very clumsy. (Dex -4)]
[You are very frail. (-20% HP)]
[Your spells are easier to cast, but less powerful.]


Message History

The spatial maelstrom hits you but does no damage. x2
The wretched star pulses with an eldritch light!
You feel frail. x2; Your connection to magic feels subdued.
Your connection to magic feels more subdued.
A spatial vortex comes into view.
You slice the spatial vortex!!
The spatial vortex is moderately damaged.
The spatial maelstrom hits you. Space warps horribly around you!
* * * LOW HITPOINT WARNING * * *
The spatial maelstrom hits you but does no damage.
The bone dragon bites you.
* * * LOW HITPOINT WARNING * * *
The bone dragon claws you but does no damage.
The bone dragon tramples you but does no damage.
A starcursed mass splits.
The small abomination hits you.
* * * LOW HITPOINT WARNING * * *
The spatial maelstrom hits you!
* * * LOW HITPOINT WARNING * * *
Space bends around you.
You die...

....#..###
##....#.#.####### ...
#...............##...
......................
..#.................#
...................#
.# .......v......v..##
..#......#.XXDx.......
.......#..XX(v@...#.$
##.......XXX*....#
#..#.......#........
#.####..####.###...#
#..# #### ### ... ##
.# .. #....# . ... #
#... ..


You could see a bone dragon, 7 starcursed masses, a spatial maelstrom, a
wretched star, 2 spatial vortices and a small abomination.

Vanquished Creatures
  Saint Roka (Orc:2)
  Gastronok (Lair:1)
  A tentacled starspawn (Abyss:3)
  Donald (Orc:1)
  2 orc warlords
  Josephine (Orc:2)
  3 hydras
  8 vault guards (D:13)
  2 boulder beetles
  A centaur warrior (D:13)
  3 catoblepae (Lair:6)
  4 two-headed ogres
  Urug (D:10)
  9 death yaks
  4 orc high priests (Orc:2)
  A wizard (D:14)
  Pikel (D:7)
  7 orc knights
  5 orc sorcerers (Orc:2)
  3 manticores
  3 ugly things
  2 cyclopes
  Maurice (D:8)
  5 black mambas
  13 elephants
  Joseph (D:8)
  A torpor snail (Lair:5)
  Psyche (D:12)
  A smoke demon (Abyss:3)
  3 ice statues (IceCv)
  14 cane toads
  A gargoyle (D:12)
  2 rime drakes
  6 komodo dragons
  2 polar bears (Lair:3)
  7 trolls
  2 hornets (D:13)
  15 blink frogs
  3 slime creatures (D:7)
  4 dream sheep (Lair:5)
  A ynoxinul (Abyss:3)
  A human (D:10)
  A basilisk (Lair:4)
  6 wraiths
  7 wyverns
  63 yaks
  7 vampire mosquitoes
  A steam dragon (Lair:6)
  2 wargs (D:10)
  3 acid dragons (Lair:6)
  Duvessa (D:7)
  20 water moccasins
  58 orc warriors
  6 sky beasts
  2 black bears
  11 ice beasts
  11 ogres
  3 necrophages
  10 wolves
  11 centaurs
  A lemure (D:7)
  4 big kobolds
  21 bullfrogs
  A gnoll sergeant (Orc:1)
  Dowan (D:7)
  A wyvern zombie (D:13)
  6 scorpions
  A water moccasin zombie (D:9)
  17 killer bees
  13 wights
  4 electric eels
  3 howler monkeys
  21 orc priests
  4 hounds
  8 jellies
  34 orc wizards
  A bullfrog skeleton (D:6)
  5 centaur skeletons
  Jessica (D:3)
  9 worker ants
  6 iguanas
  2 hell rats (D:10)
  A hound skeleton (D:6)
  13 gnolls
  20 adders
  A river rat (D:10)
  3 white imps
  2 ufetubi (D:5)
  2 oozes (D:7)
  An adder zombie (D:5)
  2 worms
  2 dart slugs
  4 leopard geckos
  105 orcs
  3 ball pythons
  4 giant cockroaches
  25 goblins
  33 hobgoblins
  21 jackals
  4 bats
  5 frilled lizards
  16 kobolds
  A leopard gecko skeleton (D:4)
  A quokka skeleton (D:8)
  A quokka zombie (D:8)
  4 rats
809 creatures vanquished.

Vanquished Creatures (others)
  An orc wizard (D:14)
  25 fungi
  102 plants
  2 starspawn tentacles (Abyss:3)
  8 toadstools (D:7)
138 creatures vanquished.

Grand Total: 947 creatures vanquished

Notes
Turn   | Place    | Note
-------+----------+-------------------------------------------
     0 | D:1      | timneilson the Gargoyle Fighter began the quest for the
                  | Orb.
     0 | D:1      | Reached XP level 1. HP: 14/14 MP: 1/1
   238 | D:1      | Reached XP level 2. HP: 19/19 MP: 2/2
   982 | D:2      | Reached XP level 3. HP: 21/23 MP: 3/3
  1350 | D:2      | Reached XP level 4. HP: 27/28 MP: 4/4
  1595 | D:3      | Found a bloodstained altar of Trog.
  1695 | D:3      | Noticed Jessica
  1699 | D:3      | Killed Jessica
  1779 | D:3      | Found a faded altar of an unknown god.
  1813 | D:3      | Reached XP level 5. HP: 24/33 MP: 5/5
  2356 | D:4      | Reached XP level 6. HP: 26/38 MP: 6/6
  2891 | D:4      | Reached skill level 5 in Armour
  2891 | D:4      | Reached skill level 5 in Shields
  2958 | D:4      | Found Zublac's General Store.
  3280 | D:5      | Entered Level 5 of the Dungeon
  3365 | D:5      | Found a staircase to the Ecumenical Temple.
  3374 | Temple   | Entered the Ecumenical Temple
  3693 | D:5      | Reached XP level 7. HP: 41/44 MP: 7/7
  3868 | D:5      | Found Ugojin's General Store.
  4593 | D:5      | Reached XP level 8. HP: 48/48 MP: 8/8
  4617 | D:5      | Reached skill level 5 in Fighting
  4949 | D:6      | Reached skill level 5 in Long Blades
  5103 | D:6      | Found a snail-covered altar of Cheibriados.
  5372 | D:6      | Found Ficivigg's Book Emporium.
  5933 | D:6      | Noticed a wraith
  5953 | D:6      | Killed a wraith
  5954 | D:6      | Reached XP level 9. HP: 46/55 MP: 9/9
  5956 | D:6      | Noticed a boulder beetle
  6408 | D:7      | Noticed Pikel
  6451 | D:7      | Killed Pikel
  6516 | D:7      | Noticed Duvessa
  6519 | D:7      | Noticed Dowan
  6526 | D:7      | Killed Duvessa
  6543 | D:7      | Killed Dowan
  6841 | D:7      | Identified the Compendium of Clay and Shape Shifting
  6912 | D:7      | Reached XP level 10. HP: 6/61 MP: 10/10
  7214 | D:7      | Found a broken altar of Ashenzari.
  7284 | D:7      | Got an iridescent falchion
  7999 | D:4      | Bought a scroll of acquirement for 520 gold pieces
  7999 | D:4      | Acquired the +4 scimitar "Alizewka" {vorpal, rN+ Int+2}
  8105 | D:8      | Noticed Maurice
  8109 | D:8      | Identified the +8 falchion "Gaiteu Luobb" {flame, Int+4}
                  | (You found it on level 7 of the Dungeon)
  8112 | D:8      | Killed Maurice
  8210 | D:8      | Noticed Joseph
  8227 | D:8      | Killed Joseph
  8269 | D:8      | Found a shadowy altar of Dithmenos.
  8272 | D:8      | Found a burning altar of Makhleb.
  8294 | D:8      | Reached skill level 1 in Evocations
  8344 | D:8      | Noticed a two-headed ogre
  8366 | D:8      | Killed a two-headed ogre
  8457 | D:8      | Reached skill level 10 in Armour
  8457 | D:8      | Reached skill level 10 in Shields
  8902 | D:9      | Reached XP level 11. HP: 67/67 MP: 11/11
  9020 | D:9      | Found a broken altar of Ashenzari.
  9032 | D:9      | Noticed a two-headed ogre
  9038 | D:9      | Killed a two-headed ogre
  9071 | D:9      | Found an iron altar of Okawaru.
  9092 | D:9      | Became a worshipper of Warmaster Okawaru
  9208 | D:9      | Found a sacrificial altar of Ru.
  9274 | D:9      | Reached * piety under Okawaru
  9275 | D:9      | Reached skill level 1 in Invocations
  9602 | D:9      | Found a glowing silver altar of Zin.
  9823 | D:10     | Entered Level 10 of the Dungeon
  9841 | D:10     | Reached ** piety under Okawaru
  9918 | D:10     | Noticed a death yak
  9923 | D:10     | Noticed a death yak
  9926 | D:10     | Noticed a death yak
  9936 | D:10     | Killed a death yak
  9948 | D:10     | Killed a death yak
  9956 | D:10     | Killed a death yak
  9969 | D:10     | Found a staircase to the Lair.
 10124 | D:10     | Noticed Urug
 10148 | D:10     | Killed Urug
 10148 | D:10     | Reached *** piety under Okawaru
 10149 | D:10     | Reached XP level 12. HP: 74/75 MP: 12/14
 10326 | D:10     | Found a staircase to the Orcish Mines.
 11196 | D:11     | Found a frozen archway.
 11214 | IceCv    | Entered an ice cave
 11272 | IceCv    | Reached **** piety under Okawaru
 11529 | D:11     | Noticed a boulder beetle
 11552 | D:11     | Killed a boulder beetle
 12396 | D:12     | Noticed a two-headed ogre
 12436 | D:12     | Reached ***** piety under Okawaru
 12457 | D:12     | Found a flagged portal.
 12492 | Bailey   | Entered a bailey
 12536 | Bailey   | Reached skill level 10 in Long Blades
 12686 | Bailey   | Received a gift from Okawaru
 12785 | Bailey   | Noticed an orc warlord
 12813 | Bailey   | Killed an orc warlord
 12840 | Bailey   | Reached XP level 13. HP: 39/80 MP: 11/16
 12911 | Bailey   | Acquired a +2 demon blade of draining
 12913 | Bailey   | Acquired the ring "Ciofi" {rF+++ rN+ rCorr Str+5 Dex-3}
 12997 | D:12     | Noticed Psyche
 13006 | D:12     | Killed Psyche
 13066 | D:12     | Reached skill level 5 in Invocations
 13219 | D:12     | Reached skill level 5 in Evocations
 13330 | D:12     | Received a gift from Okawaru
 13859 | D:13     | Noticed a vault guard
 13859 | D:13     | Noticed a vault guard
 13859 | D:13     | Noticed a vault guard
 13860 | D:13     | Found a gate to the Vaults.
 13860 | D:13     | Noticed a vault guard
 13860 | D:13     | Noticed a vault guard
 13860 | D:13     | Noticed a vault guard
 13860 | D:13     | Noticed a vault guard
 13861 | D:13     | Noticed a vault guard
 13878 | D:13     | Killed a vault guard
 13894 | D:13     | Killed a vault guard
 13902 | D:13     | Killed a vault guard
 13902 | D:13     | Reached ****** piety under Okawaru
 13921 | D:13     | Killed a vault guard
 13931 | D:13     | Killed a vault guard
 13931 | D:13     | Received a gift from Okawaru
 13946 | D:13     | Killed a vault guard
 13964 | D:13     | Killed a vault guard
 13969 | D:13     | Killed a vault guard
 14242 | D:13     | Found a basalt altar of Yredelemnul.
 14404 | D:13     | Found a portal to a secret trove of treasure.
 14453 | D:13     | Gained mutation: Your large and strong wings let you fly
                  | indefinitely. [Gargoyle growth]
 14453 | D:13     | Reached XP level 14. HP: 87/87 MP: 18/18
 15135 | Lair:1   | Entered Level 1 of the Lair of Beasts
 15356 | Lair:1   | Reached skill level 10 in Fighting
 15404 | Lair:1   | Noticed Gastronok
 15433 | Lair:1   | Killed Gastronok
 15600 | Lair:1   | Found a transporter.
 15602 | Lair:1   | Found a transporter.
 16024 | Lair:2   | Found a staircase to the Swamp.
 17063 | Lair:3   | Identified the Handbook of Clay and Snow
 17164 | Lair:3   | Received a gift from Okawaru
 17184 | Lair:3   | Got a transparent helmet {god gift}
 17186 | Lair:3   | Identified the +0 helmet of the Goldsmith {rC++ Str+4
                  | Dex-3} (Okawaru gifted it to you on level 3 of the Lair of
                  | Beasts)
 17628 | Lair:4   | Found a staircase to the Snake Pit.
 18609 | Lair:5   | Found a staircase to the Slime Pits.
 18847 | Lair:5   | Reached XP level 15. HP: 93/93 MP: 20/20
 19496 | Lair:6   | Entered Level 6 of the Lair of Beasts
 19543 | Lair:6   | Received a gift from Okawaru
 20171 | Lair:6   | Got a fine jade ring
 20698 | Lair:6   | Identified the ring "Housin" {rF+ Stlth+} (You found it on
                  | level 6 of the Lair of Beasts)
 20846 | Orc:1    | Entered Level 1 of the Orcish Mines
 21314 | Orc:2    | Entered Level 2 of the Orcish Mines
 21315 | Orc:2    | Noticed Donald
 21336 | Orc:1    | Killed Donald
 21408 | Orc:2    | Found a roughly hewn altar of Beogh.
 21408 | Orc:2    | Found a staircase to the Elven Halls.
 21418 | Orc:2    | Received a gift from Okawaru
 21425 | Orc:2    | Got a faintly glowing long sword {god gift}
 21433 | Orc:2    | Identified the +4 long sword of Orar Mix {protect, rC+
                  | Will- Str+4} (Okawaru gifted it to you on level 2 of the
                  | Orcish Mines)
 21647 | Orc:2    | Found Fuptacs's Antique Weapon Shoppe.
 21653 | Orc:2    | Noticed Josephine
 21659 | Orc:2    | Noticed Saint Roka
 21673 | Orc:2    | Killed Josephine
 21705 | Orc:2    | Killed Saint Roka
 21938 | Orc:2    | Found Toamiac's Gadget Emporium.
 22301 | Orc:2    | Noticed an orc warlord
 22326 | Orc:2    | Killed an orc warlord
 22330 | Orc:2    | Reached skill level 15 in Armour
 22330 | Orc:2    | Reached XP level 16. HP: 85/100 MP: 15/22
 22528 | Orc:2    | Reached skill level 15 in Shields
 22558 | Orc:2    | Received a gift from Okawaru
 22664 | Orc:2    | Found Biabetz's General Store.
 22665 | Orc:2    | Found Womeivilir's Jewellery Boutique.
 22666 | Orc:2    | Found Oda Gygg's Antique Armour Shop.
 22666 | Orc:2    | Found Qaiqatoa's Antique Weapon Shop.
 23025 | D:14     | Cast into level 3 of the Abyss (a wizard)
 23043 | Abyss:3  | Found a corrupted altar of Lugonu.
 23074 | Abyss:3  | Noticed a tentacled starspawn
 23085 | Abyss:3  | Noticed a bone dragon
 23090 | Abyss:3  | Killed a tentacled starspawn
 23099 | Abyss:3  | Lost dexterity.
 23110 | Abyss:3  | HP: 3/100 [spatial maelstrom (4)]
 23113 | Abyss:3  | Slain by a spatial maelstrom

Illustrated notes

Levels and vault maps discovered:
D:1:      minmay_arrival_doors, layout_loops_cross
D:2:      layout_loops_ring
D:3:      layout_basic, chequers_ecumenical_altar_simple_redux,
          serial_park_tiny_pond, bloody_trog, uniq_jessica
D:4:      layout_basic, serial_shops, shop
D:5:      minmay_clustersquares, layout_basic, minmay_temple_entry_sparse_star,
          serial_shops, nicolae_shop_crystal
D:6:      minmay_cornered_nines, layout_cave_pools,
          grunt_temple_overflow_growth_and_decay, slow_altar_1,
          serial_column_ruins, column_ruins_grid_3,
          column_ruins_columns_dead_end, column_ruins_open_medium,
          column_ruins_grid_1, serial_shops, shop, grunt_decor_one_mirror,
          minmay_between
D:7:      cheibrodos_fertilizer, layout_basic, nicolae_ashenzari_panopticon,
          chequers_decorated_corner, roderic_serpentine_path,
          minmay_misc_feat_enclosed, uniq_pikel, uniq_duvessa
D:8:      layout_basic, nicolae_overflow_hidden_temple, uniq_maurice,
          uniq_joseph
D:9:      layout_rooms, okawaru_altar_gauntlet_db, kennysheep_little_box,
          zin_statuary, basic_altar, serial_bayou, serial_bayou_pond_a,
          serial_bayou_lagoon_a, serial_bayou_pond_b, serial_bayou_shore_a
D:10:     layout_layer_cave, dpeg_lair_monsters, erik_orc_4, uniq_urug
D:11:     layout_stronghold, portal_ice_cave_entry_pillars_2,
          lemuel_flamethrower_1
D:12:     layout_roguey, enter_bailey_5, grunt_ministairs_3, uniq_psyche
D:13:     layout_stronghold, erik_vaults_2, nicolae_trove_entry_crystal,
          yredelemnul_altar_generic
D:14:     minmay_the_grid_net [minmay_the_grid_minigrid_small,
          minmay_the_grid_spin_star, minmay_the_grid_dragon_a,
          minmay_the_grid_tree, minmay_the_grid_minigrid_small_alt,
          minmay_the_grid_prize_four_corners], layout_rooms,
          minmay_misc_feat_secret_circle
Temple:   nicolae_temple_figure_eight
Lair:1:   gammafunk_boulding_lane, layout_gridlike, uniq_gastronok
Lair:2:   layout_gridlike, swamp_mist
Lair:3:   layout_regular_city, beast_lair_carwin_5
Lair:4:   layout_hall_layers, minmay_snake_entry_six_corridors,
          serial_bayou_shore_b
Lair:5:   layout_layer_cave, slime_dummy
Lair:6:   evilmike_catoblepas_cave, layout_regular_city, guppyfry_lair_drakes
Orc:1:    layout_caves, sword_in_stone
Orc:2:    st_orc_congregation, layout_diamond_mine, serial_shops,
          nicolae_shop_statue_plus, nicolae_shop_stone, basic_altar,
          uniq_saint_roka, uniq_donald, uniq_josephine
Abyss:3:  base: Lair:4, nicolae_abyss_rune_left_handed

Skill      XL: |  1  2  3  4  5  6  7  8  9 10 11 12 13 14 15 16 |
---------------+-------------------------------------------------+-----
Long Blades    | 2 3 4 5 7 8 9 10 11 12 | 12.9
Armour         | 4 5 6 7 8 10 11 12 13 14 15 | 15.1
Shields        | 4 5 6 7 8 10 11 12 13 14 15 | 15.1
Fighting       | 4 5 6 7 8 9 10 11 | 11.4
Evocations     | 1 3 4 5 6 7 |  7.7
Invocations    | 2 4 6 7 8 |  8.7

Action                   |  1- 3 |  4- 6 |  7- 9 | 10-12 | 13-15 | 16-18 || total
-------------------------+-------+-------+-------+-------+-------+-------++-------
Melee: Long sword        |   120 |   248 |   526 |    87 |       |       ||   981
       Scimitar          |       |       |       |   941 |    28 |       ||   969
       Demon blade       |       |       |       |       |  1647 |   170 ||  1817
       Hand axe          |       |       |       |       |     4 |       ||     4
       Falchion          |       |       |       |       |    13 |       ||    13
Invok: Heroism           |       |       |       |     8 |    10 |     1 ||    19
       Finesse           |       |       |       |     1 |     4 |       ||     5
 Abil: Fly               |       |       |       |       |     1 |       ||     1
  Use: Scroll            |     1 |     7 |     2 |    17 |    12 |       ||    39
       Potion            |       |       |     7 |     3 |       |     1 ||    11
 Stab: Petrified         |       |       |       |       |     4 |       ||     4
Armor: Scale mail        |    71 |   178 |    14 |       |       |       ||   263
       Ice dragon scales |       |       |   243 |    99 |       |       ||   342
       Skin              |       |       |    56 |       |       |       ||    56
       Plate armour      |       |       |       |   458 |   666 |    93 ||  1217
Dodge: Dodged            |    36 |    85 |   124 |   230 |   246 |    22 ||   743
Block: Kite shield       |    82 |   152 |   297 |   664 |   486 |       ||  1681
       Tower shield      |       |       |       |       |   716 |   133 ||   849
       Rpst.: Long sword |    10 |    29 |    36 |     5 |       |       ||    80
       Scimitar          |       |       |       |    64 |     2 |       ||    66
       Demon blade       |       |       |       |       |    62 |     2 ||    64
       Falchion          |       |       |       |       |     1 |       ||     1

Table legend: (Time is in decaauts)
 A = Elapsed time spent in this place.
 B = Non-inter-level travel time spent in this place.
 C = Inter-level travel time spent in this place.
 D = Time resting spent in this place.
 E = Time spent auto-exploring this place.
 F = Levels seen in this place.
 G = Mean time per level.
                   A        B        C        D        E       F      G
               +--------+--------+--------+--------+--------+-----+--------+
         Total |  22719 |  21615 |   1104 |   1050 |  14395 |  26 |  873.8 |
       Dungeon |  14495 |  13686 |    809 |    826 |   8978 |  14 | 1035.4 |
        Temple |    195 |    184 |     11 |      0 |    174 |   1 |  195.0 |
          Lair |   5482 |   5234 |    248 |      0 |   4265 |   6 |  913.7 |
  Orcish Mines |   1791 |   1756 |     35 |    157 |    905 |   2 |  895.5 |
         Abyss |     81 |     81 |      0 |      0 |      0 |   1 |   81.0 |
        Bailey |    392 |    392 |      0 |      0 |     72 |   1 |  392.0 |
      Ice Cave |    279 |    279 |      0 |     67 |      0 |   1 |  279.0 |
               +--------+--------+--------+--------+--------+-----+--------+

Top non-repeatable levels by time:
     D:7: 1808 daAuts
     D:5: 1655 daAuts
    D:10: 1323 daAuts
    D:13: 1315 daAuts
     D:4: 1254 daAuts
     D:6: 1203 daAuts
  Lair:6: 1178 daAuts
   Orc:2: 1140 daAuts
    D:11: 1105 daAuts
  Lair:5: 1031 daAuts
     D:1: 1010 daAuts
     D:9: 962 daAuts
  Lair:4: 954 daAuts
    D:12: 815 daAuts
  Lair:1: 801 daAuts
